 Dungeon Crawl Stone Soup version 0.22.1-2-g9c5b331383 (webtiles) character file.

2466 Jerry the Nimble (level 9, -8/108 HPs)
             Began as a Merfolk Gladiator on Nov 25, 2018.
             Was an Initiate of Gozag.
             Mangled by a two-headed ogre
             ... wielding a +0 dire flail
              (13 damage)
             ... on level 8 of the Dungeon.
             The game lasted 00:23:36 (8821 turns).

Jerry the Nimble (Merfolk Gladiator)                Turns: 8821, Time: 00:23:36

Health: -8/108     AC: 27    Str: 17    XL:     9   Next: 51%
Magic:  9/9        EV:  2    Int:  7    God:    Gozag
Gold:   867        SH:  0    Dex: 16    Spells: 8/8 levels left

rFire    . . .     SeeInvis .   t - +1 dagger (venom)
rCold    + . .     Gourm    .   (no shield)
rNeg     + + +     Faith    .   (armour currently unavailable)
rPois    +         Spirit   .   (helmet currently unavailable)
rElec    .         Reflect  .   (cloak currently unavailable)
rCorr    .         Harm     .   (gloves currently unavailable)
MR       .....     NoTele   +   (boots currently unavailable)
Stlth    +.........             (no amulet)
HPRegen  0.28/turn              D - +3 ring of protection
MPRegen  0.11/turn              F - ring of protection from cold

@: tree-form
A: (change form in water), (swift swim), (stealthy swim)
a: Potion Petition, Call Merchant, Bribe Branch, Renounce Religion


You were on level 8 of the Dungeon.
You worshipped Gozag.
Gozag was pleased with you.
You were very hungry.
You were a tree.
You visited 2 branches of the dungeon, and saw 9 of its levels.

You collected 920 gold pieces.
You paid 53 gold pieces to Gozag.

Inventory:

Hand Weapons
 a - a +0 long sword
 i - a +3 dagger
 t - a +1 dagger of venom (weapon)
 y - a +4 vampiric short sword
Armour
 b - a +0 leather armour (melded)
 c - a +0 helmet (melded)
 x - a +1 cloak (melded)
Jewellery
 p - an uncursed ring of see invisible
 w - an uncursed ring of ice
 D - a +3 ring of protection (left branch)
 F - a ring of protection from cold (right branch)
Wands
 k - a wand of random effects (60)
 A - a wand of flame (57)
 G - a wand of iceblast (18)
 H - a wand of polymorph (11)
 J - a wand of enslavement (11)
Scrolls
 e - a scroll of holy word
 j - 2 scrolls of identify
 n - a scroll of remove curse
 o - 2 scrolls of immolation
 q - a scroll of magic mapping
 u - a scroll of blinking
 v - 4 scrolls of teleportation
Potions
 g - a potion of ambrosia
 h - 2 potions of flight
 l - 3 potions of curing
 m - 5 potions of heal wounds {unknown}
 r - a potion of haste {unknown}
 s - a potion of brilliance {unknown}
 z - a potion of cancellation {unknown}
 B - a potion of agility {unknown}
 K - a potion of lignification
Comestibles
 f - 11 rations


   Skills:
 + Level 7.2 Fighting
 + Level 7.6 Long Blades
 - Level 2.0 Throwing
 + Level 4.5 Armour
 + Level 9.1 Dodging


You had 8 spell levels left.
You didn't know any spells.
Your spell library contained the following spells:

 Spells                   Type           Power        Failure   Level  Hunger
 Animate Skeleton         Necr           N/A          43%         1    ##.....
 Confusing Touch          Hex            #.....       43%         1    ##.....
 Pain                     Necr           #...         43%         1    ##.....
 Confuse                  Hex            #.......     80%         3    ####...
 Gell's Gravitas          Tloc           #.........   80%         3    ####...
 Regeneration             Chrm/Necr      #.........   80%         3    ####...
 Vampiric Draining        Necr           #.........   80%         3    ####...
 Animate Dead             Necr           N/A          99%         4    #####..
 Petrify                  Tmut/Erth      #.......     99%         4    #####..
 Metabolic Englaciation   Hex/Ice        #.........   100%        5    ######.
 Yara's Violent Unravell  Hex/Tmut       #.........   100%        5    ######.


Dungeon Overview and Level Annotations

Branches:
Dungeon (8/15)             Temple (1/1) D:4
   Lair: D:8-11

Altars:
Ashenzari
Cheibriados
Dithmenos
Elyvilon
Fedhas
Gozag
Hepliaklqana
Kikubaaqudgha
Makhleb
Nemelex Xobeh
Okawaru
Qazlal
Ru
Sif Muna
Trog
Uskayaw
Vehumet
Wu Jian
Xom
Yredelemnul
Zin
The Shining One

Shops:
D:4 ?


Message History

The two-headed ogre barely misses you.
You hit the two-headed ogre.
The two-headed ogre is severely wounded.
The two-headed ogre hits you with a dire flail.
* * * LOW HITPOINT WARNING * * *
The two-headed ogre hits you with a giant club!
* * * LOW HITPOINT WARNING * * *
You barely miss the two-headed ogre.
The two-headed ogre is severely wounded.
You hit the two-headed ogre.
The two-headed ogre is severely wounded.
The two-headed ogre hits you but does no damage.
The two-headed ogre hits you with a giant club.
* * * LOW HITPOINT WARNING * * *
You hit the two-headed ogre.
The two-headed ogre looks as sick as possible!
The two-headed ogre is almost dead.
The two-headed ogre hits you with a dire flail!
You die...
Your body crumbles into a pile of gold.

#......##.#.#,,*
*,,,,>*,,,*,
#......##.#,#*,*
**,,,,*,***,
#......*#.#,**,* *,,,,*,*
** #......*#.#,**,*
*,,,,*,*
#......*#.#,**,****,,,,*,*
********#.#,,,,,,,,,,,,*,*
#.####,***,,,,,*,*
#.##<#,* *,***,*,*
#.##♣#,* *,***,*,*
#.##O#,* *,,,*,*,*
#.##.#,* ***,*,*,*
#.##.#,* *,,,*,,,*
#.##.#,* ***,*****
#....#,* *,* ######,* *,*
*,* *,* *,*****,*


You could see a two-headed ogre.

Vanquished Creatures
  A soldier ant (D:8)
  Duvessa (D:5)
  3 ice beasts
  An orc warrior (D:8)
  2 ogres
  A phantom (D:7)
  4 centaurs (D:7)
  A big kobold (D:7)
  4 bullfrogs
  Dowan (D:5)
  4 killer bees (D:7)
  A howler monkey (D:6)
  A jelly (D:6)
  A crimson imp (D:8)
  A bullfrog zombie (D:6)
  A centaur skeleton (D:6)
  2 hounds
  2 orc priests
  4 orc wizards
  2 iguanas (D:7)
  2 worker ants (D:5)
  Terence (D:2)
  A hound zombie (D:8)
  8 adders
  A shadow imp (D:6)
  2 adder skeletons
  A worm (D:2)
  3 dart slugs
  4 leopard geckos
  17 orcs
  4 bats
  9 giant cockroaches
  10 goblins
  9 hobgoblins
  11 kobolds
  2 quokkas (D:3)
  A ball python (D:4)
  5 frilled lizards
  A giant cockroach zombie (D:5)
  A jackal zombie (D:5)
  A leopard gecko skeleton (D:4)
  8 rats
140 creatures vanquished.

Notes
Turn   | Place    | Note
-------+----------+-------------------------------------------
     0 | D:1      | Jerry the Merfolk Gladiator began the quest for the Orb.
     0 | D:1      | Reached XP level 1. HP: 16/16 MP: 1/1
    72 | D:1      | Reached XP level 2. HP: 22/23 MP: 2/2
   470 | D:1      | Reached XP level 3. HP: 21/28 MP: 3/3
  1140 | D:2      | Found a sparkling altar of Nemelex Xobeh.
  1397 | D:2      | Noticed Terence
  1504 | D:2      | Killed Terence
  1504 | D:2      | Reached skill level 1 in Armour
  1504 | D:2      | Reached XP level 4. HP: 31/35 MP: 4/4
  1901 | D:3      | Found a glowing golden altar of the Shining One.
  2015 | D:3      | Reached skill level 5 in Dodging
  2148 | D:3      | Reached XP level 5. HP: 38/41 MP: 5/5
  2738 | D:4      | Found a shattered altar of Ashenzari.
  2739 | D:4      | Found a blossoming altar of Fedhas.
  3057 | D:4      | Found Pobue's Magic Scroll Shop.
  3184 | D:4      | Found a staircase to the Ecumenical Temple.
  3190 | Temple   | Entered the Ecumenical Temple
  3349 | Temple   | Became a worshipper of Gozag Ym Sagoz the Greedy
  3445 | D:4      | Reached XP level 6. HP: 13/48 MP: 6/6
  3764 | D:5      | Entered Level 5 of the Dungeon
  3764 | D:5      | Noticed Duvessa
  3764 | D:5      | Noticed Dowan
  4137 | D:5      | Found an opulent altar of Gozag.
  4306 | D:5      | Killed Duvessa
  4306 | D:5      | Reached skill level 5 in Long Blades
  4306 | D:5      | Reached skill level 6 in Dodging
  4306 | D:5      | Reached XP level 7. HP: 29/55 MP: 7/7
  4464 | D:5      | Killed Dowan
  4956 | D:5      | Got a translucent mace
  4957 | D:5      | Identified the +1 mace "Q" {crush, Fragile rPois Str-4
                  | Int+8} (You found it on level 5 of the Dungeon)
  5708 | D:6      | Reached skill level 5 in Fighting
  5970 | D:6      | Reached skill level 7 in Dodging
  5970 | D:6      | Reached XP level 8. HP: 30/62 MP: 8/8
  7538 | D:7      | Reached skill level 8 in Dodging
  7577 | D:7      | Reached XP level 9. HP: 54/71 MP: 9/9
  8696 | D:8      | Reached skill level 9 in Dodging
  8754 | D:8      | Noticed a two-headed ogre
  8818 | D:8      | HP: 5/108 [two-headed ogre/dire flail (12)]
  8821 | D:8      | Mangled by a two-headed ogre

Skill      XL: |  1  2  3  4  5  6  7  8  9 |
---------------+----------------------------+-----
Fighting       | 3 4 5 6 7 |  7.2
Armour         | 1 2 3 4 |  4.5
Long Blades    | 4 5 6 7 |  7.6
Dodging        | 5 6 7 8 9 |  9.1
Throwing       | |  2.0

Action                   |  1- 3 |  4- 6 |  7- 9 || total
-------------------------+-------+-------+-------++-------
Melee: Long sword        |    23 |       |    11 ||    34
       Dagger            |    97 |   238 |   450 ||   785
Throw: Throwing net      |     1 |     2 |       ||     3
  Use: Scroll            |     4 |       |    16 ||    20
       Potion            |       |       |     2 ||     2
 Stab: Sleeping          |     3 |     1 |       ||     4
       Held in net/web   |     2 |       |       ||     2
       Distracted        |       |       |     1 ||     1
  Eat: Chunk             |     2 |     5 |       ||     7
       Ration            |       |     1 |     4 ||     5
Armor: Leather armour    |    14 |    47 |    65 ||   126
       Skin              |       |       |    39 ||    39
Dodge: Dodged            |    79 |   176 |   256 ||   511
       Rpst.: Long sword |     5 |       |     3 ||     8
